 Dungeon Crawl Stone Soup version 0.30-a0-847-g17996783a1 (webtiles) character file.

Game seed: 4410543901098425463

66 Rocko1345 the Sneak (level 3, -4/27 HPs)
             Began as a Demonspawn Brigand on Mar 3, 2023.
             Slain by a gnoll
             ... wielding a +0 flail
              (7 damage)
             ... on level 2 of the Dungeon.
             The game lasted 00:04:59 (1554 turns).

Rocko1345 the Sneak (Demonspawn Brigand)            Turns: 1554, Time: 00:05:00

Health: -4/27      AC:  5    Str: 11    XL:     3   Next: 96%
Magic:  3/3        EV: 11    Int: 12    God:
Gold:   71         SH:  0    Dex: 16    Spells: 2/2 levels left

rFire   . . .      SeeInvis .    a - +2 dagger
rCold   . . .      Faith    .    (no shield)
rNeg    . . .      Spirit   .    k - +0 leather armour
rPois   .          Reflect  .    (no helmet)
rElec   .          Rampage  .    c - +0 cloak
rCorr   .                        (no gloves)
Will    .....                    f - +0 pair of boots
Stlth   +++                      (no amulet)
HPRegen 0.24/turn                (no ring)
MPRegen 0.08/turn                (no ring)

@: no status effects
A: foul stench 1, demonic touch 1
a: no special abilities


You were on level 2 of the Dungeon.
You visited 1 branch of the dungeon, and saw 2 of its levels.

You collected 71 gold pieces.

Inventory:

Hand Weapons
 a - a +2 dagger (weapon)
Missiles
 d - 9 poisoned darts (quivered)
 e - 3 curare-tipped darts
Armour
 b - a +0 robe
 c - a +0 cloak (worn)
 f - a +0 pair of boots (worn)
 k - a +0 leather armour (worn)
 p - a scarf of repulsion
Scrolls
 g - a scroll of noise
 h - 2 scrolls of teleportation {unknown}
 i - a scroll of fog {unknown}
 j - a scroll of enchant weapon
 l - a scroll of torment {unknown}
 m - a scroll of identify
 n - a scroll of vulnerability {unknown}
 o - 4 scrolls of immolation {unknown}


   Skills:
 + Level 2.0 Fighting
 * Level 2.5 Short Blades
 + Level 1.8 Throwing
 + Level 0.8 Armour
 + Level 1.2 Dodging
 * Level 4.4 Stealth


You had 2 spell levels left.
You didn't know any spells.
Your spell library contained the following spells:

 Spells                   Type           Power      Damage    Failure   Level
 Sting                    Tmut/Pois      0%         1d3       41%         1
 Poisonous Vapours        Pois/Air       0%         N/A       54%         2
 Dazzling Flash           Conj/Hex       0%         N/A       78%         3
 Gell's Gravitas          Tloc           0%         N/A       78%         3
 Teleport Other           Tloc           0%         N/A       78%         3
 Olgreb's Toxic Radiance  Pois           0%         N/A       99%         4
 Agony                    Necr           0%         N/A       100%        5
 Silence                  Hex/Air        0%         N/A       100%        5
 Dispersal                Tloc           0%         N/A       100%        6


Dungeon Overview and Level Annotations

Branches:
Dungeon (2/15)

Altars:


Innate Abilities, Weirdness & Mutations

You may rarely emit foul miasma when damaged in melee.
Your touch may inflict minor irresistible damage on your foes.


Message History

The goblin looks even sicker.
The goblin hits you with a +0 club.
The goblin is engulfed in dark miasma.
The goblin looks even sicker.
You kill the goblin!
You see here a +0 halberd.
You see here a +0 club.
You start resting.
HP restored.
You see here a +0 club.
A gnoll comes into view. It is wielding a +0 flail.
A gnoll comes into view. It is wielding a +0 spear.
A gnoll comes into view. It is wielding a +0 flail.
The gnoll shouts!
The gnoll shouts!
You hit the gnoll.
The gnoll is moderately wounded.
You barely miss the gnoll.
You touch the gnoll.
The gnoll is severely wounded.
The gnoll hits you with a +0 flail! The gnoll closely misses you.
You hit the gnoll. Your touch misses the gnoll.
The gnoll is almost dead.
The gnoll closely misses you. The gnoll hits you with a +0 flail.
The gnoll attacks as you move away! The gnoll closely misses you.
You hit the gnoll.
You kill the gnoll!
The gnoll hits you from afar with a +0 spear.
The gnoll hits you with a +0 spear.
You emit a cloud of foul miasma!
You see here a +0 flail.
You closely miss the gnoll. You closely miss the gnoll.
The gnoll is engulfed in dark miasma.
The gnoll is poisoned.
The gnoll closely misses you. The gnoll hits you with a +0 flail.
* * * LOW HITPOINT WARNING * * *
The gnoll attacks as you move away! The gnoll hits you with a +0 spear.
* * * LOW HITPOINT WARNING * * *
The gnoll is engulfed in dark miasma.
The gnoll looks even sicker.
The gnoll barely misses you.
The gnoll is engulfed in dark miasma.
The gnoll looks even sicker.
You kill the gnoll!
The gnoll hits you with a +0 flail!
You die...

##.##..))##.##...###...##
#..#.....#..#..#...###.#
.###.##....##.##.####...#.#
......###..#..#.)...###...#
.####...####.##)##....##.##
###...#..#..# ....#..#
###...##.## ...##.##
###....g###..#..
#####.@.####.# ###...#..
##...# #.# #


You could see a gnoll.

Vanquished Creatures
  3 gnolls (D:2)
  2 worms (D:2)
  2 dart slugs (D:2)
  A bat (D:2)
  An endoplasm (D:1)
  2 giant cockroaches (D:1)
  5 hobgoblins (D:1)
  2 jackals (D:1)
  2 ball pythons (D:1)
  3 goblins
  3 kobolds
  2 rats
28 creatures vanquished.

Notes
Turn   | Place    | Note
-------+----------+-------------------------------------------
     0 | D:1      | Rocko1345 the Demonspawn Brigand began the quest for the
                  | Orb.
     0 | D:1      | Reached XP level 1. HP: 16/16 MP: 1/1
   322 | D:1      | Reached skill level 4 in Stealth
   362 | D:1      | Gained mutation: You may rarely emit foul miasma when
                  | damaged in melee. [demonic ancestry]
   362 | D:1      | Reached XP level 2. HP: 22/22 MP: 2/2
  1249 | D:2      | Reached skill level 1 in Dodging
  1249 | D:2      | Gained mutation: Your touch may inflict minor irresistible
                  | damage on your foes. [demonic ancestry]
  1249 | D:2      | Reached XP level 3. HP: 15/27 MP: 3/3
  1554 | D:2      | Slain by a gnoll

Illustrated notes

Levels and vault maps discovered:
D:1:      dpeg_arrival_water_temple_mockup, layout_basic, nrook_uturn
D:2:      minmay_skewed_foursquare, layout_loops_cross, uniq_jessica

Skill      XL: |  1  2 |
---------------+-------+-----
Stealth        | 4 |  4.4
Short Blades   | 2 |  2.5
Dodging        | 1 |  1.2
Fighting       | |  2.0
Throwing       | |  1.8
Armour         | |  0.8

Action                     || total
---------------------------++-------
  Melee: Dagger            ||   105
         Touch             ||     3
         Punch             ||     1
    Use: Scroll            ||     2
   Stab: Sleeping          ||     5
 Armour: Leather armour    ||    18
         Robe              ||     2
  Dodge: Dodged            ||    53

Table legend: (Time is in decaauts)
 A = Elapsed time spent in this place.
 B = Non-inter-level travel time spent in this place.
 C = Inter-level travel time spent in this place.
 D = Time resting spent in this place.
 E = Time spent auto-exploring this place.
 F = Levels seen in this place.
 G = Mean time per level.
                   A        B        C        D        E       F      G
               +--------+--------+--------+--------+--------+-----+--------+
         Total |   1543 |   1384 |    159 |    184 |    830 |   2 |  771.5 |
       Dungeon |   1543 |   1384 |    159 |    184 |    830 |   2 |  771.5 |
               +--------+--------+--------+--------+--------+-----+--------+

Top non-repeatable levels by time:
     D:1: 1071 daAuts
     D:2: 471 daAuts
